 Dungeon Crawl Stone Soup version 0.30.1-11-g7821555f0a (webtiles) character file.

Game seed: 5429596239734671653

7160 cowcol the Severer (level 10, -5/94 HPs)
             Began as a Minotaur Fighter on Oct 28, 2023.
             Was a Follower of Okawaru.
             Slain by an orc warrior
             ... wielding the +9 hand axe of Besi {elec, rN+}
              (16 damage)
             ... on level 8 of the Dungeon.
             The game lasted 00:36:07 (10142 turns).

cowcol the Severer (Minotaur Fighter)              Turns: 10142, Time: 00:36:08

Health: -5/94      AC: 27    Str: 21    XL:     10   Next: 86%
Magic:  9/9        EV:  6    Int: 11    God:    Okawaru [*.....]
Gold:   579        SH:  0    Dex: 10    Spells: 9/9 levels left

rFire   . . .        N - +4 battleaxe (freeze)
rCold   . . .        (shield currently unavailable)
rNeg    . . .        I - +9 plate armour
rPois   +            O - +2 hat
rElec   .            (no cloak)
rCorr   .            (no gloves)
SInv    .            (no boots)
Will    .....        k - amulet of regeneration Stlth
                     e - ring of protection from cold
HPRegen 1.15/turn    K - ring of poison resistance
MPRegen 0.11/turn

%: no passive effects
@: no status effects
A: horns 2, retaliatory headbutt, iridescent scales 1, clever 1, cold
vulnerability 1, MP-powered wands
a: Renounce Religion, Heroism


You were on level 8 of the Dungeon.
You worshipped Okawaru.
Okawaru was aware of your devotion.
You visited 2 branches of the dungeon, and saw 10 of its levels.
You also visited: Bailey.

You collected 579 gold pieces.

Inventory:

Hand Weapons
 a - a +0 war axe
 d - a +0 falchion
 N - a +4 battleaxe of freezing (weapon)
Missiles
 l - 37 poisoned darts (quivered)
 s - 14 javelins
 L - 3 atropa-tipped darts
Armour
 b - a +0 scale mail
 c - a +1 buckler
 n - a +4 ring mail of cold resistance
 G - a scarf of harm
 I - a +9 plate armour (worn)
 M - +0 steam dragon scales
 O - a +2 hat (worn)
Jewellery
 e - a ring of protection from cold (left hand)
 i - a ring of flight
 k - an amulet of regeneration (around neck)
 r - an amulet of reflection
 B - an amulet of guardian spirit
 K - a ring of poison resistance (right hand)
Wands
 J - a wand of light (9)
Scrolls
 f - 4 scrolls of magic mapping
 o - 5 scrolls of fog
 q - 2 scrolls of identify
 u - 2 scrolls of fear
 v - 6 scrolls of teleportation
 x - a scroll of silence
 y - a scroll of amnesia
 A - 3 scrolls of vulnerability
 C - a scroll of torment
Potions
 g - 2 potions of magic {unknown}
 h - 2 potions of lignification {unknown}
 j - 7 potions of curing
 m - 4 potions of resistance
 p - 4 potions of heal wounds
 t - 3 potions of flight
 w - a potion of cancellation {unknown}
 z - a potion of berserk rage {unknown}
 D - a potion of ambrosia {unknown}
 E - a potion of experience {unknown}
 F - 2 potions of attraction {unknown}
 H - 2 potions of might


   Skills:
 + Level 10.3 Fighting
 + Level 15.2 Axes
 - Level 2.0 Throwing
 + Level 9.0 Armour
 - Level 3.6 Shields


You had 9 spell levels left.
You didn't know any spells.
Your spell library contained the following spells:

 Spells                   Type           Power      Damage    Failure   Level
 Lesser Beckoning         Tloc           0%         N/A       100%        2
 Static Discharge         Conj/Air       0%         2-2/arc   100%        2
 Sublimation of Blood     Necr           0%         N/A       100%        2
 Gell's Gravitas          Tloc           0%         N/A       100%        3
 Ozocubu's Armour         Ice            0%         N/A       100%        3
 Teleport Other           Tloc           0%         N/A       100%        3
 Airstrike                Air            0%         2d(0-16)  100%        4
 Petrify                  Tmut/Erth      0%         N/A       100%        4
 Irradiate                Conj/Tmut      0%         3d11      100%        5
 Metabolic Englaciation   Hex/Ice        0%         N/A       100%        5
 Summon Lightning Spire   Summ/Air       Unusable   N/A       N/A         4
 Simulacrum               Ice/Necr       Unusable   N/A       N/A         6

Dungeon Overview and Level Annotations

Branches:
Dungeon (9/15)             Temple (1/1) D:6            Lair (0/5) D:9
 Bailey (visited)
    Orc: D:9-12

Altars:
Ashenzari
Cheibriados
Dithmenos
Elyvilon
Fedhas
Gozag
Hepliaklqana
Kikubaaqudgha
Makhleb
Nemelex Xobeh
Okawaru
Qazlal
Ru
Sif Muna
Trog
Uskayaw
Vehumet
Wu Jian
Xom
Yredelemnul
Zin
The Shining One

Shops:
D:5 :

Annotations:
D:9 Erica


Innate Abilities, Weirdness & Mutations

You have a pair of horns on your head.
You reflexively headbutt those who attack you in melee.
You are partially covered in iridescent scales. (AC +2)
Your mind is acute. (Int +4, Str/Dex -1)
You are vulnerable to cold. (rC-)
You expend magic power (3 MP) to strengthen your wands.


Message History

Okawaru accepts your kill.
You hit the wyvern. You freeze the wyvern.
The wyvern bites you but does no damage. x2
The orc warrior hits you but does no damage.
Your life force feels restored.
You slash the orc warrior! You freeze the orc warrior.
Your headbutt misses the orc warrior.
The orc warrior is moderately wounded.
You barely miss the wyvern. The wyvern bites you.
The orc warrior completely misses you.
You hit the orc warrior. You freeze the orc warrior.
Your headbutt misses the orc warrior.
The orc warrior is heavily wounded.
You hit the wyvern. You freeze the wyvern. The wyvern barely misses you.
The wyvern bites you but does no damage.
The orc warrior closely misses you.
Unknown command.
You closely miss the orc warrior.
The orc warrior is heavily wounded.
You barely miss the wyvern.
The wyvern bites you but does no damage.
The orc warrior hits you with the +9 hand axe of Besi {elec, rN+}!
You closely miss the orc warrior.
The orc warrior is heavily wounded.
You slice the wyvern!! You freeze the wyvern.
You kill the wyvern!
Okawaru accepts your kill.
You hit the orc warrior but do no damage.
You headbutt the orc warrior.
The orc warrior is severely wounded.
The orc warrior hits you with the +9 hand axe of Besi {elec, rN+}!
You are electrocuted!
* * * LOW HITPOINT WARNING * * *
Unknown command.
You hit the orc warrior but do no damage.
The orc warrior is severely wounded.
The orc warrior hits you with the +9 hand axe of Besi {elec, rN+}!
* * * LOW HITPOINT WARNING * * *
You are electrocuted!
You die...

#.#.#...........#.##.#..#.######
#............................#
..###...#.###.#.#..###.##..#.##
#.............................###
..........###.#.######..#.##.....
#...#.....###.#.### #....###.###
#...#.............# ##.#.# #.# #
#................)# #.#.# #.# #
#...............@.#####.#.###.###
..........##.....o..............>
.................####.#####......
.................## #.# #.#.##.
....#.............# #.#####.#.##.
#.###...#.#.......# #............
.............#.#..# #.#####.#####
..##....#.#..#.#..###.#####.#
..##....#.................#.#


You could see an orc warrior.

Vanquished Creatures
  Gastronok (D:9)
  An orc knight (Bailey)
  A rime drake (D:9)
  A wyvern (D:8)
  3 yaks (D:8)
  A steam dragon (D:7)
  3 water moccasins
  4 ice beasts
  6 orc warriors (Bailey)
  A sky beast (D:4)
  2 wolves (D:9)
  5 black bears
  3 centaurs
  A phantom (D:4)
  3 kobold brigands
  3 bullfrogs
  4 scorpions
  13 wights
  A howler monkey (D:6)
  A crimson imp (D:5)
  4 hounds
  A jelly (D:5)
  2 gnoll boudas
  3 orc priests
  A sleepcap (D:7)
  Terence (D:2)
  Natasha (thrice) (D:2)
  2 iguanas
  7 orc wizards
  17 gnolls
  8 adders
  A shadow imp (D:7)
  2 white imps
  2 worms
  3 dart slugs
  45 orcs
  5 endoplasms
  5 giant cockroaches
  10 goblins
  6 hobgoblins
  4 jackals (D:1)
  19 kobolds
  2 quokkas
  8 ball pythons
  6 bats
  2 frilled lizards (D:3)
  6 rats
233 creatures vanquished.

Notes
Turn   | Place    | Note
-------+----------+-------------------------------------------
     0 | D:1      | cowcol the Minotaur Fighter began the quest for the Orb.
     0 | D:1      | Reached XP level 1. HP: 19/19 MP: 0/0
   280 | D:1      | Reached XP level 2. HP: 27/27 MP: 1/1
   536 | D:1      | Reached skill level 3 in Axes
   587 | D:1      | Reached XP level 3. HP: 33/33 MP: 2/2
  1314 | D:2      | Noticed Terence
  1321 | D:2      | Killed Terence
  1322 | D:2      | Reached XP level 4. HP: 39/41 MP: 3/3
  1445 | D:2      | Reached skill level 4 in Axes
  1543 | D:2      | Noticed Natasha
  1552 | D:2      | Killed Natasha
  1677 | D:2      | You fall into a shaft and drop 2 floors!
  1883 | D:2      | Reached XP level 5. HP: 47/47 MP: 4/4
  1887 | D:2      | Reached skill level 5 in Armour
  2033 | D:2      | Found a sacrificial altar of Ru.
  2270 | D:2      | Noticed Natasha
  2280 | D:2      | Killed Natasha
  2478 | D:2      | Noticed Natasha
  2479 | D:2      | Killed Natasha
  2484 | D:2      | Gained mutation: You occasionally lose the ability to read
                  | scrolls when taking damage. [potion of mutation]
  2484 | D:2      | Gained mutation: You possess an exceptional clarity of
                  | mind. [potion of mutation]
  2484 | D:2      | Gained mutation: You have hidden genetic defects. [potion
                  | of mutation]
  2485 | D:2      | Lost mutation: You possess an exceptional clarity of mind.
                  | [potion of mutation]
  2485 | D:2      | Lost mutation: You occasionally lose the ability to read
                  | scrolls when taking damage. [potion of mutation]
  2485 | D:2      | Gained mutation: You are agile. (Dex +4, Str/Int -1)
                  | [potion of mutation]
  2485 | D:2      | Gained mutation: Your mind is acute. (Int +4, Str/Dex -1)
                  | [potion of mutation]
  2563 | D:3      | Found a faded altar of an unknown god.
  3047 | D:4      | Reached skill level 5 in Fighting
  3047 | D:4      | Reached skill level 5 in Axes
  3057 | D:4      | Gained mutation: You are vulnerable to cold. (rC-) [hidden
                  | defects]
  3100 | D:4      | Noticed a phantom
  3110 | D:4      | Killed a phantom
  3111 | D:4      | Reached XP level 6. HP: 50/56 MP: 5/5
  3120 | D:4      | Gained mutation: You occasionally lose the ability to read
                  | scrolls when taking damage. [hidden defects]
  3120 | D:4      | Lost mutation: You have hidden genetic defects. [hidden
                  | defects expressed]
  3149 | D:4      | Noticed a sky beast
  3163 | D:4      | Killed a sky beast
  3164 | D:4      | Reached skill level 6 in Axes
  3193 | D:4      | Found a hazy altar of Hepliaklqana.
  3255 | D:4      | Found a basalt altar of Yredelemnul.
  3366 | D:4      | Found an ornate altar of the Wu Jian Council.
  3393 | D:4      | Reached XP level 7. HP: 61/61 MP: 6/6
  3442 | D:4      | Found a white marble altar of Elyvilon.
  3597 | D:4      | Found a stormy altar of Qazlal.
  3597 | D:4      | Found a shimmering altar of Xom.
  3688 | D:4      | Reached skill level 7 in Axes
  3729 | D:4      | Reached skill level 1 in Throwing
  3850 | D:5      | Entered Level 5 of the Dungeon
  3976 | D:5      | Reached skill level 8 in Axes
  4268 | D:5      | Reached XP level 8. HP: 70/70 MP: 7/7
  4632 | D:5      | Found Ureg's Book Emporium.
  4965 | D:6      | Reached skill level 9 in Axes
  5136 | D:6      | Found a staircase to the Ecumenical Temple.
  5160 | Temple   | Entered the Ecumenical Temple
  5598 | D:6      | Reached skill level 10 in Axes
  5666 | D:6      | Identified the +0 robe of the Gloaming {rElec}
  6092 | D:7      | Found a flagged portal.
  6111 | D:7      | Reached XP level 9. HP: 28/79 MP: 8/8
  6154 | Bailey   | Entered a bailey
  6241 | Bailey   | Reached skill level 11 in Axes
  6303 | Bailey   | Lost mutation: You occasionally lose the ability to read
                  | scrolls when taking damage. [potion of mutation]
  6303 | Bailey   | Lost mutation: You are agile. (Dex +4, Str/Int -1) [potion
                  | of mutation]
  6303 | Bailey   | Gained mutation: You expend magic power (3 MP) to
                  | strengthen your wands. [potion of mutation]
  6303 | Bailey   | Gained mutation: You are partially covered in iridescent
                  | scales. (AC +2) [potion of mutation]
  6683 | Bailey   | Noticed an orc knight
  6697 | Bailey   | Killed an orc knight
  6698 | Bailey   | Reached skill level 12 in Axes
  6976 | D:7      | Reached skill level 13 in Axes
  7050 | D:7      | Reached XP level 10. HP: 86/87 MP: 9/9
  9171 | D:8      | Found an iron altar of Okawaru.
  9336 | D:8      | Became a worshipper of Warmaster Okawaru
  9503 | D:9      | Reached skill level 14 in Axes
  9518 | D:9      | Found a staircase to the Lair.
  9652 | D:9      | Found a radiant altar of Vehumet.
  9656 | D:9      | Noticed Gastronok
  9673 | D:9      | Killed Gastronok
  9673 | D:9      | Reached * piety under Okawaru
  9674 | D:9      | Reached skill level 10 in Fighting
  9674 | D:9      | Reached skill level 15 in Axes
  9811 | D:9      | Noticed Erica
  9813 | D:9      | Identified the +9 hand axe of Besi {elec, rN+}
 10142 | D:8      | Slain by an orc warrior

Illustrated notes

Levels and vault maps discovered:
D:1:      eino_arrival_water_cross, layout_loops_corners,
          dreamdust_mushroom_princess, hangedman_glass_teeth, glass_columns_a,
          chequers_serial_rivers_micro_a, chequers_serial_rivers_small_a
D:2:      layout_basic, basic_altar, minmay_heptomino_l4, uniq_terence,
          uniq_natasha
D:3:      layout_loops_ring, hellmonk_ecumenical_altar_blasted
D:4:      minmay_chambers_of_threes, layout_basic, kennysheep_ying_yang,
          mainiacjoe_overflow_six_doors_small, nzn_wu_jian_contemplation,
          gammafunk_temple_overflow_wave
D:5:      layout_basic, serial_shops, shop, minmay_fire_ice_demons
D:6:      layout_basic, minmay_temple_entry_large_hall
D:7:      layout_basic, serial_rivers, chequers_serial_rivers_small_3,
          chequers_serial_rivers_large_b, chequers_serial_rivers_micro_e,
          chequers_serial_rivers_micro_e, chequers_serial_rivers_small_3,
          chequers_serial_rivers_micro_c, enter_bailey_7
D:8:      layout_basic, kennysheep_mini, nicolae_kite_square_tiling_tiny
D:9:      layout_loops_ring, mainiacjoe_overflow_catwalk,
          hellmonk_lair_entry_icy, uniq_erica, uniq_gastronok
Temple:   nicolae_temple_ecumenical_triangle

Skill      XL: |  1  2  3  4  5  6  7  8  9 10 |
---------------+-------------------------------+-----
Armour         | 4 5 6 7 8 9 |  9.0
Fighting       | 4 5 6 7 8 10 | 10.3
Axes           | 3 4 5 6 8 10 13 15 | 15.2
Throwing       | 1 2 |  2.0
Shields        | |  3.6

Action                     |  1- 3 |  4- 6 |  7- 9 | 10-12 || total
---------------------------+-------+-------+-------+-------++-------
  Melee: War axe           |    97 |    77 |   246 |       ||   420
         Headbutt          |    11 |    13 |    49 |    22 ||    95
         Battleaxe         |       |       |     6 |   107 ||   113
  Throw: Dart              |       |     6 |    37 |    12 ||    55
    Use: Scroll            |     5 |     3 |    10 |    11 ||    29
         Potion            |     1 |     3 |     9 |       ||    13
 Armour: Scale mail        |    46 |       |       |       ||    46
         Ring mail         |       |    36 |    98 |    34 ||   168
         Plate armour      |       |       |       |    38 ||    38
  Dodge: Dodged            |    48 |    33 |   152 |    45 ||   278
  Block: Buckler           |    23 |    14 |    86 |       ||   123
